 Dungeon Crawl Stone Soup version 0.15-a0-1798-g4683f23 (webtiles) character file.

254187 Herrn the Black Belt (level 19, 110/144 HPs)
             Began as a Demonspawn Monk on June 17, 2014.
             Was the Champion of Jiyva.
             Quit the game on Level 2 of the Shoals on June 30, 2014.
             The game lasted 06:04:22 (63883 turns).

Herrn the Black Belt (Demonspawn Monk)             Turns: 63883, Time: 06:04:22

HP 110/144       AC 10     Str 12      XL: 19   Next:  1%
MP  27/27        EV 31     Int 10      God: Jiyva [******]
Gold 3070        SH 25     Dex 21      Spells:  3 memorised,  4 levels left

rFire  + . .     SeeInvis .       - Unarmed
rCold  + . .     Clarity  .     F - +0 troll leather armour
rNeg   + + +     rCorr    +     U - +6 large shield of Ignorance {rN+ AC+2 EV+2 Int-6 Curse}
rPois  +         rRot     .     N - +1 hat
rElec  +         Spirit   .     q - +0 cloak {MR+}
SustAb .         Warding  .     (gloves unavailable)
rMut   .         Stasis   .     n - +1 pair of boots of Tokkot {rF+ rC+}
Gourm  .                        k - amulet of the Air {Inacc +Fly rElec EV+5 RMsl}
MR     +++..                    A - ring "Quneaw" {rElec rN+ MR+}
                                J - ring of poison resistance

@: very slightly contaminated, studying Air Magic, repel missiles, extremely
resistant to hostile enchantments, very unstealthy
A: claws 3, hooves 2, horns 2, blurry vision 1, breathe flames 1, deformed body,
demonic guardian 2, life protection 1, powered by death 3, slow metabolism 2,
spit poison 2, strong 1, jelly sensing items
a: Spit Poison, Request Jelly, Jelly Paralyse, Slimify, Cure Bad Mutation,
Renounce Religion, Breathe Fire, Evoke Flight
}: 2/15 runes: serpentine, slimy


You were on level 2 of the Shoals.
You worshipped Jiyva.
Jiyva was exalted by your worship.
You were completely stuffed.

You visited 8 branches of the dungeon, and saw 44 of its levels.
You also visited: Labyrinth, Sewer, Bailey and Ice Cave.

You collected 3787 gold pieces.
You spent 717 gold pieces at shops.

Inventory:

Hand weapons
 S - the +3 Elemental Staff {rElec rF++ rC++ MR++ AC+5}
   (You found it on level 6 of the Pits of Slime)

   It affects your AC (+5).
   It greatly protects you from fire.
   It greatly protects you from cold.
   It insulates you from electricity.
   It affects your resistance to hostile enchantments.
Armour
 n - the +1 pair of boots of Tokkot (worn) {rF+ rC+}
   (You found it on level 6 of the Pits of Slime)

   It protects you from fire.
   It protects you from cold.
 q - a +0 cloak of magic resistance (worn)
 w - the +0 plate armour of Clugaff {Contam rC++ Str+2 Dex+2 Int+2}
   (You took it off a deep elf high priest on level 3 of the Elven Halls)

   It affects your strength (+2).
   It affects your intelligence (+2).
   It affects your dexterity (+2).
   It greatly protects you from cold.
   It causes magical contamination when unequipped.
 C - a +2 ring mail of magic resistance
 F - a +0 troll leather armour (worn)
 M - a +2 ring mail of poison resistance
 N - a +1 hat (worn)
 P - a +3 ring mail of positive energy
 T - the +2 leather armour "Mehuhex" {Str+4}
   (You took it off a merfolk on level 2 of the Shoals)

   It affects your strength (+4).
 U - the +6 large shield of Ignorance (worn) {rN+ AC+2 EV+2 Int-6 Curse}
   (You acquired it on level 2 of the Snake Pit)

   It affects your AC (+2).
   It affects your evasion (+2).
   It affects your intelligence (-6).
   It protects you from negative energy.
   It may recurse itself when equipped.
Magical devices
 s - a wand of invisibility (2)
 x - a wand of teleportation (4)
 G - a wand of digging (5)
 K - a wand of fireball (0)
 Q - a wand of digging (12)
 R - a wand of teleportation (5)
Comestibles
 b - 18 bread rations
 l - 8 meat rations
 m - 15 royal jellies
Scrolls
 c - 12 scrolls of teleportation
 e - 6 scrolls of enchant armour
 f - 12 scrolls of remove curse
 g - 8 scrolls of recharging
 u - 5 scrolls of identify
 y - 2 scrolls of magic mapping
 B - 6 scrolls of enchant weapon
Jewellery
 a - an uncursed amulet of guardian spirit
 i - an uncursed amulet of resist corrosion
 k - the amulet of the Air (around neck) {Inacc +Fly rElec EV+5 RMsl}
   (You found it on level 3 of the Elven Halls)

   [amulet of inaccuracy]

   It reduces the accuracy of all your attacks.
   It affects your evasion (+5).
   It insulates you from electricity.
   It lets you fly.
   It protects you from missiles.
 o - an uncursed amulet of clarity
 p - an uncursed ring of sustain abilities
 r - an uncursed amulet of the gourmand
 A - the ring "Quneaw" (right claw) {rElec rN+ MR+}
   (You found it on level 15 of the Dungeon)

   [ring of protection from magic]

   It insulates you from electricity.
   It protects you from negative energy.
   It affects your resistance to hostile enchantments.
 H - an uncursed ring of protection from magic
 I - an uncursed amulet of stasis
 J - a ring of poison resistance (left claw)
 V - the ring "Ynoskid" {rN+ Str+1 Int+4}
   (You found it on level 3 of the Elven Halls)

   [ring of positive energy]

   It affects your strength (+1).
   It affects your intelligence (+4).
   It protects you from negative energy.
 W - an uncursed ring of protection from fire
 Y - the amulet of Joipnoix {+Rage +Fly}
   (You took it off a deep elf high priest on level 3 of the Elven Halls)

   [amulet of rage]

   It lets you fly.
   It lets you go berserk.
Potions
 h - 2 potions of resistance
 j - 5 potions of flight
 t - 2 potions of cure mutation
 v - 11 potions of curing
 z - 2 potions of might
 E - 3 potions of restore abilities
 X - 2 potions of porridge
 Z - 4 potions of heal wounds
Books
 d - a manual of Air Magic
 D - a book of Battle

   Spells                             Type                      Level
   Infusion                           Charms                       1
   Shroud of Golubria                 Charms/Translocation         2
   Song of Slaying                    Charms                       2
   Spectral Weapon                    Hexes/Charms                 3
   *Regeneration                      Charms/Necromancy            3
 L - a book of Enchantments

   Spells                             Type                      Level
   Tukima's Dance                     Hexes                        3
   Cause Fear                         Hexes                        4
   Silence                            Hexes/Air                    5
   Deflect Missiles                   Charms/Air                   6
   *Haste                             Charms                       6
   Discord                            Hexes                        8
 O - the Handbook of Self-Knowledge and Air
   (You found it on level 3 of the Elven Halls)

   Spells                             Type                      Level
   Sure Blade                         Hexes/Charms                 2
   *Regeneration                      Charms/Necromancy            3
   Flight                             Charms/Air                   3
   Deflect Missiles                   Charms/Air                   6


   Skills:
 + Level 11.4 Fighting
 + Level 7.8 Armour
 * Level 15.2 Dodging
 - Level 1.7 Stealth
 * Level 15.7 Shields
 * Level 16.6 Unarmed Combat
 * Level 7.6 Charms
 * Level 6.4 Translocations
 - Level 6.1 Evocations


You had 4 spell levels left.
You knew the following spells:

 Your Spells              Type           Power        Failure   Level  Hunger
a - Haste                 Chrm           ###.....     100%        6    #######
b - Phase Shift           Tloc           ##........   100%        5    ######.
c - Regeneration          Chrm/Necr      #.........   85%         3    ####...


Dungeon Overview and Level Annotations

Branches:
Dungeon (15/15)            Temple (1/1) D:7             Orc (4/4) D:11
    Elf (3/3) Orc:3          Lair (8/8) D:9          Shoals (2/5) Lair:4
  Snake (5/5) Lair:6        Slime (6/6) Lair:7       Vaults (0/5) D:13
 Depths (0/5) D:15

Altars:
Ashenzari
Cheibriados
Dithmenos
Elyvilon
Fedhas
Gozag
Kikubaaqudgha
Makhleb
Nemelex Xobeh
Okawaru
Qazlal
Sif Muna
Trog
Vehumet
Xom
Yredelemnul
Zin
The Shining One
Beogh
Jiyva

Shops:
D:4 %!   D:6 *   D:10 ([}**   D:14 :   Orc:1 ?   Orc:4 (=[*(   Elf:1 !
Elf:3 ([

Annotations:
D:5 soonmide's ghost, experienced MfGl
Lair:3 exclusion: oklob plant
Slime:3 Dissolution
Slime:6 Royal Jelly


Innate Abilities, Weirdness & Mutations

You have claws for hands.
You have hoof-like feet.
You have a pair of horns on your head.
A demonic guardian rushes to your aid.
You resist negative energy.
You can steal the life force of all defeated enemies in sight.
Your vision is a little blurry.
You can breathe flames.
Armour fits poorly on your strangely shaped body.
You need consume almost no food.
You can spit moderately strong poison.
Your muscles are strong. (Str +2)
You have a small jelly attached to you that senses nearby items.


Message History

You feel a little less hungry.
You feel a little better.
The jelly splits in two!
You start removing your armour.
You continue taking off your +0 troll leather armour. x4
You finish taking off your +0 troll leather armour.
You start putting on your armour.
You continue putting on your brightly glowing leather armour. x3
You finish putting on the +2 leather armour "Mehuhex" {Str+4}.
You start removing your armour.
You continue taking off the +2 leather armour "Mehuhex" {Str+4}. x3
You finish taking off the +2 leather armour "Mehuhex" {Str+4}.
You start putting on your armour.
You continue putting on your +0 troll leather armour. x4
You finish putting on your +0 troll leather armour.
Welcome back, Herrn the Demonspawn Monk.
Slime for the Slime God!
Press ? for a list of commands and other information.
Unknown command.
Unknown command.
Are you sure you want to abandon this character and quit the game? (Confirm with "yes".)

...≈≈J≈......≈..≈≈≈≈...≈≈≈≈≈≈≈
....≈≈≈≈≈........≈≈≈≈≈≈≈≈≈≈≈≈≈≈
.....≈≈≈....≈≈≈..≈≈≈≈≈≈≈≈≈≈≈≈≈≈
......≈≈≈...≈≈≈≈..≈≈≈≈ ≈≈≈≈≈≈≈≈
......≈≈≈.#.≈≈≈≈>.≈.... ≈≈≈≈
.......≈≈.##.≈≈≈≈..≈... ≈≈≈≈
..........J.≈≈≈≈...... ≈≈≈≈
≈≈......J.≈≈.≈≈.......≈ ≈≈≈
≈≈≈≈≈≈≈....≈≈@≈....### ≈≈≈≈
≈≈≈≈≈≈....≈≈≈≈..≈..# ≈≈≈
≈≈≈≈≈≈≈J≈J≈≈≈.≈≈.... ≈≈≈
≈≈≈≈≈≈≈≈≈≈≈≈≈≈≈≈... ≈ ≈.≈
≈≈≈≈≈≈≈≈≈≈≈≈≈... ..
≈≈≈≈≈≈≈≈≈≈.... ,## ≈≈≈≈≈≈≈≈≈≈..
, ≈≈≈≈≈≈≈≈≈≈ , # ≈≈≈≈


You could see 4 neutral jellies (fellow slime).

Vanquished Creatures
  Saint Roka (Snake:4)
  An Ice Fiend (IceCv)
  A deep elf blademaster (Elf:3)
  2 deep elf master archers (Elf:3)
  An Executioner (Elf:3)
  Kirke (Snake:5)
  3 greater nagas (Snake:5)
  A fire giant (D:15)
  Donald (Snake:4)
  Wiglaf (Shoals:2)
  12 deep elf sorcerers (Elf:3)
  An orc warlord (Orc:4)
  Aizul (Elf:1)
  An octopode crusher (Shoals:2)
  Jorgrun (Snake:2)
  5 deep elf demonologists (Elf:3)
  4 deep elf annihilators (Elf:3)
  Snorg (Orc:1)
  7 deep elf death magi
  A merfolk javelineer (Shoals:2)
  A merfolk impaler (Shoals:2)
  A minotaur (Lab)
  2 deep elf high priests (Elf:3)
  Josephine (D:13)
  Fannar (Elf:3)
  An ice dragon (Elf:3)
  Harold (Lair:1)
  5 anacondas
  15 naga warriors
  8 hydras
  8 death yaks
  4 tengu warriors (D:15)
  4 orc high priests
  5 shock serpents
  12 naga sharpshooters
  A sun demon (Snake:5)
  2 centaur warriors
  Nergalle (Lair:1)
  The ghost of Econoterrorist the Covert, an experienced SpEn of Kikubaaqudgha (D:9)
  9 deep elf knights
  5 salamander mystics
  A skeletal warrior (D:13)
  3 unseen horrors
  6 ice devils
  6 hill giants
  8 deep elf summoners
  The ghost of Arvee the Ruffian, an experienced TrMo (D:6)
  6 naga ritualists
  An ice statue (IceCv)
  A sea snake (Shoals:2)
  6 orc sorcerers
  6 deep elf conjurers
  2 water nymphs (Shoals:2)
  4 orc knights
  17 salamanders
  5 harpies
  A hellion (Elf:3)
  A lindwurm (Lair:8)
  4 griffons
  A hell beast (Elf:3)
  11 mana vipers
  6 elephants
  A guardian serpent (shapeshifter) (Elf:1)
  42 black mambas
  A manticore (D:15)
  6 guardian serpents
  25 naga magi
  14 spiny frogs
  16 komodo dragons
  An orange demon (Snake:5)
  2 gargoyles
  A torpor snail (Lair:8)
  A tengu conjurer (D:13)
  13 fire drakes
  3 demonic crawlers (Elf:2)
  2 golden dragon simulacra (IceCv)
  A small abomination (Elf:1)
  A hellwing (Slime:4)
  8 deep elf priests
  A kobold demonologist (D:13)
  A yaktaur (D:15)
  A wolf spider simulacrum (IceCv)
  2 freezing wraiths (IceCv)
  A queen bee (Lair:5)
  3 blue devils
  3 jumping spiders
  9 trolls
  16 merfolk
  2 giant leeches (Lair:8)
  2 polar bears (Elf:3)
  12 blink frogs
  A two-headed ogre (D:8)
  A wind drake (shapeshifter) (D:15)
  2 snapping turtles
  A hydra skeleton (D:13)
  A boulder beetle (Lair:8)
  6 ravens
  3 basilisks
  6 sharks
  5 redbacks
  A vampire (D:13)
  A trapdoor spider (D:15)
  2 wraiths (D:15)
  2 hill giant zombies (D:13)
  3 tarantellas
  18 deep elf magi
  3 water elementals (Shoals:2)
  70 yaks
  A death yak simulacrum (IceCv)
  2 wyverns
  12 deep elf fighters
  A fire elemental (D:15)
  A hog (Snake:5)
  Grum (Orc:1)
  2 iron troll simulacra (IceCv)
  3 dire elephant simulacra (IceCv)
  2 hungry ghosts
  22 ugly things
  9 hippogriffs
  2 wargs
  Edmund (D:8)
  44 nagas
  A tengu zombie (D:12)
  5 harpy simulacra (IceCv)
  An ogre zombie (D:15)
  5 hydra simulacra (IceCv)
  2 vampire mosquitoes (D:14)
  3 sky beasts
  19 water moccasins
  34 wolves
  14 porcupines
  7 phantoms
  41 orc warriors
  A black bear (D:13)
  2 ice beasts
  A manticore zombie (D:14)
  6 ogres
  A boring beetle (Lair:8)
  An ettin simulacrum (IceCv)
  11 centaurs
  A gnoll sergeant (D:7)
  4 brain worms (Lair:8)
  25 giant frogs
  A wyvern zombie (D:13)
  4 big kobolds
  A cyclops zombie (D:13)
  A wyvern skeleton (D:9)
  35 killer bees
  7 scorpions
  A yak zombie (D:8)
  20 crocodiles
  A troll zombie (D:11)
  10 wights
  An eye of draining (D:11)
  The ghost of Kobold the Insei, a weakling KoMo (D:4)
  2 goliath beetles
  2 jellies
  A yellow wasp zombie (D:10)
  2 big fish
  9 crimson imps
  2 draconian simulacra (IceCv)
  4 hounds
  6 iguanas
  29 orc priests
  A quasit (D:13)
  A wyvern simulacrum (D:13)
  A giant frog skeleton (D:6)
  7 orange rats
  An elf skeleton (D:11)
  9 worker ants
  29 orc wizards
  2 wolf simulacra (IceCv)
  A kobold skeleton (D:13)
  33 sheep
  3 troll simulacra (IceCv)
  2 spriggan simulacra (IceCv)
  A giant frog simulacrum (D:13)
  The ghost of swampdragon the Ruffian, a weakling MiMo (D:3)
  2 centaur simulacra (IceCv)
  A mottled dragon skeleton (D:13)
  A mummy (D:14)
  2 worker ant zombies (D:8)
  2 naga simulacra (IceCv)
  11 gnolls
  A scorpion zombie (D:9)
  26 adders
  2 gnoll skeletons
  47 green rats
  3 ogre simulacra (IceCv)
  5 shadow imps
  4 giant mites
  4 orc skeletons
  6 white imps (IceCv)
  4 ufetubi (IceCv)
  18 worms
  An adder zombie (D:5)
  An ooze (D:2)
  172 orcs
  3 ball pythons
  6 giant cockroaches
  21 goblins
  31 hobgoblins
  10 jackals
  38 kobolds
  9 quokkas
  26 bats
  4 giant geckos
  4 giant newts
  2 giant spores
  13 orc zombies
  22 rats
  2 ballistomycetes (D:8)
  A bush (D:12)
  4 crawling corpses
  A plant (D:9)
1579 creatures vanquished.

Vanquished Creatures (collateral kills)
  Asterion (Snake:5)
  Agnes (Snake:5)
  2 greater nagas (Snake:5)
  A deep elf sorcerer (Elf:3)
  2 deep elf annihilators (Elf:3)
  A naga warrior (Snake:5)
  A merfolk aquamancer (Shoals:2)
  3 naga sharpshooters (Snake:5)
  A shock serpent (Snake:5)
  5 deep elf knights
  A sea snake (Shoals:2)
  A naga ritualist (Snake:5)
  An orc knight (Orc:2)
  An orc sorcerer (Orc:4)
  A cyclops (D:7)
  2 salamanders (Snake:4)
  A mermaid (Shoals:2)
  A guardian serpent (Snake:4)
  A sixfirhy (Elf:3)
  A smoke demon (Snake:5)
  A black mamba (Snake:5)
  4 naga magi (Snake:5)
  A komodo dragon (D:15)
  A jumping spider (Elf:3)
  2 merfolk (Shoals:2)
  A blink frog (Lair:3)
  A redback (Elf:2)
  2 deep elf magi (Elf:2)
  2 deep elf fighters
  Eustachio (D:5)
  A water elemental (Shoals:2)
  A hog (Snake:5)
  A tarantella (Elf:3)
  2 ugly things
  4 yaks
  5 nagas
  A warg (Orc:2)
  A wolf (Elf:3)
  A sky beast (D:6)
  2 orc warriors
  A cyclops skeleton (D:15)
  An orc priest (D:8)
  A hound (Lair:5)
  A worker ant (D:7)
  A worm (Lair:8)
  An adder skeleton (D:5)
  2 orcs
  A hobgoblin (D:8)
  3 kobolds (D:7)
  An orc zombie (Orc:4)
  A rat (D:5)
78 creatures vanquished.

Vanquished Creatures (others)
  3 acid blobs
  An eldritch tentacle (Slime:4)
  3 azure jellies
  A death ooze (Shoals:2)
  A fire dragon (Slime:4)
  2 deep elf high priests (Elf:3)
  An anaconda (Snake:5)
  3 sun demons
  A naga sharpshooter (Snake:5)
  A centaur warrior (D:15)
  A deep elf knight (Elf:2)
  2 ice devils (Snake:5)
  2 soul eaters
  3 ball lightnings
  An unseen horror (D:13)
  A naga ritualist (Snake:5)
  2 harpies (Shoals:2)
  A deep elf conjurer (Elf:2)
  5 shining eyes
  5 sixfirhies
  A wizard (D:9)
  2 black mambas
  An eye of devastation (Slime:4)
  7 smoke demons
  A naga mage (Snake:5)
  A centaur zombie (D:12)
  A two-headed ogre (D:15)
  A red devil (Slime:4)
  A deep elf priest (Elf:2)
  A centaur skeleton (D:13)
  A porcupine (Lair:7)
  62 slime creatures
  3 blink frogs (Lair:8)
  A raven (D:13)
  4 deep elf magi
  2 humans (Snake:5)
  A hog (Snake:5)
  5 yaks
  A hell beast (Slime:4)
  2 nagas (Snake:5)
  2 hippogriffs
  2 deep elf fighters
  2 golden eyes
  A harpy simulacrum (IceCv)
  3 wolves (Lair:8)
  6 water moccasins
  8 lost souls
  A centaur (Shoals:2)
  A big kobold (D:13)
  A crocodile (Lair:7)
  3 giant frogs
  An eye of draining (Slime:2)
  5 hounds
  37 crimson imps
  34 iron imps
  531 jellies
  53 quasits
  6 orc wizards
  5 orc priests
  3 iguanas
  2 worker ants (D:13)
  3 adders
  39 white imps
  2 shadow imps (Snake:5)
  3 worms (Lair:8)
  45 ufetubi
  21 orcs
  4 kobolds (D:13)
  2 goblins
  108 eldritch tentacle segments (Slime:4)
  15 fungi
1088 creatures vanquished.

Grand Total: 2745 creatures vanquished

Notes
Turn   | Place    | Note
--------------------------------------------------------------
     0 | D:1      | Herrn, the Demonspawn Monk, began the quest for the Orb.
     0 | D:1      | Reached XP level 1. HP: 18/18 MP: 1/1
    39 | D:1      | Gained mutation: You have large cloven feet. [demonic ancestry]
    39 | D:1      | Reached XP level 2. HP: 18/24 MP: 2/2
   171 | D:1      | Reached skill level 4 in Unarmed Combat
   789 | D:2      | Gained mutation: A weak demonic guardian rushes to your aid. [demonic ancestry]
   789 | D:2      | Reached XP level 3. HP: 13/29 MP: 3/3
   816 | D:2      | HP: 1/29 [worm (8)]
  1878 | D:2      | Reached XP level 4. HP: 36/36 MP: 4/4
  2725 | D:3      | Noticed swampdragon's ghost (weakling MiMo)
  2750 | D:3      | Killed swampdragon's ghost
  2750 | D:3      | Gained mutation: You have a pair of small horns on your head. [demonic ancestry]
  2750 | D:3      | Reached XP level 5. HP: 7/42 MP: 5/5
  2953 | D:3      | Reached skill level 1 in Shields
  3549 | D:4      | Found Thrucol's Distillery.
  3724 | D:4      | Reached skill level 1 in Armour
  3810 | D:4      | Found a glowing drain.
  3816 | D:4      | Reached skill level 5 in Unarmed Combat
  3821 | Sewer    | Entered a sewer
  4089 | Sewer    | Gained mutation: You have sharp fingernails. [demonic ancestry]
  4089 | Sewer    | Reached XP level 6. HP: 21/48 MP: 6/6
  4297 | D:4      | Found Kexzaaw's Food Shoppe.
  4311 | D:4      | Noticed Kobold's ghost (weakling KoMo)
  4333 | D:4      | Killed Kobold's ghost
  5210 | D:5      | Entered Level 5 of the Dungeon
  5252 | D:5      | Noticed soonmide's ghost (experienced MfGl)
  5352 | D:4      | Gained mutation: You have very sharp fingernails. [demonic ancestry]
  5352 | D:4      | Reached XP level 7. HP: 44/55 MP: 7/7
  5445 | D:5      | Found an iron altar of Okawaru.
  5488 | D:5      | Noticed Eustachio
  5492 | D:5      | Killed Eustachio
  5860 | D:5      | Reached skill level 6 in Unarmed Combat
  6086 | D:6      | Noticed Arvee's ghost (experienced TrMo)
  6167 | D:6      | Gained mutation: You can steal the life force of nearby defeated enemies. [demonic ancestry]
  6167 | D:6      | Reached XP level 8. HP: 42/61 MP: 8/8
  6209 | D:6      | Killed Arvee's ghost
  6209 | D:6      | Reached skill level 5 in Fighting
  6209 | D:6      | Reached skill level 5 in Dodging
  6722 | D:6      | Reached skill level 7 in Unarmed Combat
  6735 | D:6      | Got a faintly glowing spear
  6736 | D:6      | Identified the cursed -2 spear "Zoppa" {flame, rN+ Int+1} (You found it on level 6 of the Dungeon)
  6863 | D:6      | Found Tuxerad's General Store.
  7143 | D:6      | Reached XP level 9. HP: 61/69 MP: 9/9
  7905 | D:7      | Noticed a cyclops
  8063 | D:7      | Killed a cyclops
  8063 | D:7      | Reached skill level 5 in Shields
  8063 | D:7      | Reached skill level 8 in Unarmed Combat
  8223 | D:7      | Found a staircase to the Ecumenical Temple.
  8446 | Temple   | Entered the Ecumenical Temple
  8553 | D:8      | Noticed Edmund
  8563 | D:8      | Killed Edmund
  8631 | D:8      | Reached XP level 10. HP: 70/77 MP: 10/10
  9604 | D:8      | Upgraded the game from 0.15-a0-1549-gb42009b to 0.15-a0-1569-gdbe329f
  9761 | D:9      | Reached skill level 9 in Unarmed Combat
  9775 | D:9      | Noticed Econoterrorist's ghost (experienced SpEn)
  9802 | D:9      | Killed Econoterrorist's ghost
  9916 | D:9      | Found a staircase to the Lair.
 10164 | D:9      | Killed an unseen horror
 10327 | D:9      | Found a bloodstained altar of Trog.
 10327 | D:9      | Noticed a wizard
 10332 | D:9      | Killed a wizard
 10411 | D:9      | Found a glowing golden altar of the Shining One.
 10454 | D:9      | Found a white marble altar of Elyvilon.
 10456 | D:9      | Found a basalt altar of Yredelemnul.
 10475 | D:9      | Found a burning altar of Makhleb.
 10475 | D:9      | Found a shadowy altar of Dithmenos.
 10477 | D:9      | Found an iron altar of Okawaru.
 10607 | D:9      | Identified a scroll of acquirement
 10631 | D:10     | Entered Level 10 of the Dungeon
 10631 | D:10     | Found Alam's General Store.
 10644 | D:10     | Noticed a hill giant
 10660 | D:10     | Killed a hill giant
 10660 | D:10     | Gained mutation: You can steal the life force of defeated enemies. [demonic ancestry]
 10660 | D:10     | Reached XP level 11. HP: 84/84 MP: 11/11
 10698 | D:10     | Found Cogrutso's General Store.
 10710 | D:10     | Found Bris Oll's Armour Shop.
 10747 | D:10     | Reached skill level 10 in Unarmed Combat
 10764 | D:10     | Found Vyeskytyn's Antique Weapon Shoppe.
 10820 | D:10     | Noticed a hill giant
 10831 | D:10     | Killed a hill giant
 10841 | D:10     | Found Yzxuol's Gadget Emporium.
 10928 | D:10     | Found a flagged portal.
 10955 | Bailey   | Entered a bailey
 12612 | D:11     | Noticed a hill giant
 12622 | D:11     | Killed a hill giant
 12781 | D:11     | Reached skill level 11 in Unarmed Combat
 12828 | D:11     | Found a staircase to the Orcish Mines.
 12865 | D:11     | Noticed a skeletal warrior
 12870 | D:11     | Noticed a skeletal warrior
 12876 | D:11     | Noticed a skeletal warrior
 13539 | Orc:1    | Entered Level 1 of the Orcish Mines
 13582 | Orc:1    | Noticed Snorg
 13598 | Orc:1    | Killed Snorg
 13622 | Orc:1    | Found Hongowobea's Magic Scroll Shoppe.
 13697 | Orc:1    | Found a roughly hewn altar of Beogh.
 13704 | Orc:1    | Noticed Grum
 13719 | Orc:1    | Killed Grum
 14083 | Orc:1    | Gained mutation: You have a pair of horns on your head. [demonic ancestry]
 14083 | Orc:1    | Reached XP level 12. HP: 39/92 MP: 12/12
 14203 | Orc:2    | Reached skill level 5 in Armour
 14621 | Orc:3    | Found a staircase to the Elven Halls.
 14839 | Orc:4    | Entered Level 4 of the Orcish Mines
 15251 | Orc:4    | Found Ghyra's Weapon Shoppe.
 15504 | Orc:4    | Paralysed by an orc sorcerer for 5 turns
 15588 | Orc:4    | Found a radiant altar of Vehumet.
 15896 | Orc:4    | Noticed an orc warlord
 16263 | Orc:4    | Killed an orc warlord
 16263 | Orc:4    | Reached skill level 12 in Unarmed Combat
 16583 | Orc:4    | Found Smaism's General Store.
 16584 | Orc:4    | Found Daelehuti's Jewellery Shop.
 16585 | Orc:4    | Found Klauli's Antique Armour Shop.
 16585 | Orc:4    | Found Zutoyxt's Antique Weapon Boutique.
 16676 | Orc:4    | Paralysed by an orc sorcerer for 6 turns
 16861 | Orc:4    | Bought a heavily runed chain mail for 332 gold pieces
 16943 | Orc:4    | Identified the cursed -4 chain mail of Gehenna {Dex+1 Slay+3} (You bought it in a shop on level 4 of the Orcish Mines)
 17127 | Lair:1   | Entered Level 1 of the Lair of Beasts
 17249 | Lair:1   | Noticed Nergalle
 17257 | Lair:1   | Killed Nergalle
 17422 | Lair:1   | Noticed Harold
 17434 | Lair:1   | Killed Harold
 17499 | Lair:1   | Reached XP level 13. HP: 69/100 MP: 13/13
 18324 | Lair:2   | Gained mutation: Your magical capacity is low (-10% MP). [potion of mutation]
 18324 | Lair:2   | Gained mutation: You have claws for hands. [potion of mutation]
 18324 | Lair:2   | Gained mutation: You are clumsy. (Dex -2) [potion of mutation]
 18601 | Lair:3   | Found an iron altar of Okawaru.
 18693 | Lair:3   | Reached skill level 10 in Shields
 18829 | Lair:3   | Reached skill level 13 in Unarmed Combat
 18855 | Lair:3   | Reached skill level 1 in Evocations
 19718 | Lair:4   | Found a staircase to the Shoals.
 19926 | D:10     | Bought a potion of cure mutation for 385 gold pieces
 19927 | D:10     | Lost mutation: You have claws for hands. [potion of cure mutation]
 19927 | D:10     | Lost mutation: Your magical capacity is low (-10% MP). [potion of cure mutation]
 19927 | D:10     | Lost mutation: You are clumsy. (Dex -2) [potion of cure mutation]
 20133 | Lair:4   | Reached skill level 10 in Dodging
 20530 | Lair:5   | Found a labyrinth entrance.
 20575 | Lab      | Entered a labyrinth
 22425 | Lair:6   | Learned a level 6 spell: Haste
 22477 | Lair:6   | Reached XP level 14. HP: 96/108 MP: 19/19
 22785 | Lair:6   | Reached skill level 1 in Charms
 22859 | Lair:6   | Found a staircase to the Snake Pit.
 24334 | Lair:7   | Found a viscous altar of Jiyva.
 24335 | Lair:7   | Found a staircase to the Slime Pits.
 24338 | Lair:7   | Became a worshipper of Jiyva Jeiphas the Shapeless
 24338 | Lair:7   | Acquired Jiyva's first power
 24338 | Lair:7   | Acquired Jiyva's second power
 26189 | Lair:6   | Gained mutation: You are agile. (Dex +2) [Jiyva's grace]
 26192 | Lair:6   | Acquired Jiyva's third power
 28376 | Lair:5   | Gained mutation: Space occasionally distorts in your vicinity. [Jiyva's grace]
 29005 | Lair:5   | Gained mutation: You evolve. [Jiyva's grace]
 30644 | Lair:4   | Gained mutation: You are very agile. (Dex +4) [evolution]
 35114 | Lair:3   | Gained mutation: You have a slow metabolism. [Jiyva's grace]
 38584 | Orc:1    | Lost mutation: You have a slow metabolism. [Jiyva's grace]
 38628 | Orc:1    | Acquired Jiyva's fourth power
 38646 | Orc:1    | Gained mutation: Your mind is acute. (Int +2) [Jiyva's grace]
 38656 | Orc:1    | Lost mutation: You evolve. [Jiyva's grace]
 38892 | Orc:2    | Gained mutation: Thin tendrils of slime have grown from your body. [Jiyva's grace]
 39314 | Orc:3    | Lost mutation: Thin tendrils of slime have grown from your body. [Jiyva's grace]
 39611 | Orc:3    | Lost mutation: Your mind is acute. (Int +2) [Jiyva's grace]
 39990 | Orc:3    | Gained mutation: You can breathe flames. [Jiyva's grace]
 40045 | Orc:4    | Gained mutation: Armour fits poorly on your pseudopods. [Jiyva's grace]
 40051 | Orc:4    | Gained mutation: Your skin is partially translucent. [Jiyva's grace]
 40135 | Orc:4    | Gained mutation: You have a small jelly attached to you that may absorb incoming projectiles. [Jiyva's grace]
 40154 | Orc:4    | Lost mutation: You have a small jelly attached to you that may absorb incoming projectiles. [Jiyva's grace]
 40217 | Orc:4    | Gained mutation: Thin tendrils of slime have grown from your body. [Jiyva's grace]
 40805 | D:10     | Gained mutation: Your natural rate of healing is unusually fast. [potion of beneficial mutation]
 41205 | Lair:8   | Entered Level 8 of the Lair of Beasts
 41239 | Slime:1  | Entered Level 1 of the Pits of Slime
 41385 | Slime:2  | Noticed an acid blob
 41403 | Slime:3  | Noticed an acid blob
 41403 | Slime:3  | Noticed an acid blob
 41418 | Slime:3  | Noticed an acid blob
 41421 | Slime:3  | Noticed an acid blob
 41486 | Slime:4  | Noticed an acid blob
 41494 | Slime:3  | Noticed an azure jelly
 41494 | Slime:3  | Noticed an acid blob
 41540 | Slime:6  | Entered Level 6 of the Pits of Slime
 41546 | Slime:6  | Noticed an acid blob
 41549 | Slime:6  | Noticed the royal jelly
 41549 | Slime:6  | Noticed an azure jelly
 41549 | Slime:6  | Noticed an acid blob
 41550 | Slime:6  | Found a viscous altar of Jiyva.
 41551 | Slime:6  | Gained mutation: Your muscles are strong. (Str +2) [Jiyva's grace]
 41553 | Slime:6  | Gained mutation: Your body is partially covered in golden eyeballs (Acc +3). [Jiyva's grace]
 41556 | Slime:6  | Gained mutation: You can translocate small distances at will. [potion of beneficial mutation]
 41557 | Slime:6  | Noticed an azure jelly
 41560 | Slime:6  | Lost mutation: You are very agile. (Dex +4) [Jiyva's grace]
 41562 | Slime:6  | Noticed an acid blob
 41568 | Slime:6  | Noticed an acid blob
 41569 | Slime:6  | Gained mutation: You have a pair of large horns on your head. [Jiyva's grace]
 41594 | Slime:6  | Got a pair of slimy boots
 41605 | Slime:6  | Got a slimy rune of Zot
 41984 | Slime:4  | Noticed an azure jelly
 42003 | Slime:4  | Killed an acid blob
 42101 | Slime:4  | Noticed an eldritch tentacle
 42108 | Slime:4  | Killed an azure jelly
 42191 | Slime:4  | Killed an eldritch tentacle
 42238 | Slime:4  | Identified the cursed +1 pair of boots of Tokkot {rF+ rC+} (You found it on level 6 of the Pits of Slime)
 42314 | Slime:3  | Noticed an acid blob
 42314 | Slime:3  | Noticed an azure jelly
 42418 | Slime:3  | Killed an azure jelly
 42462 | Slime:5  | Noticed an azure jelly
 42574 | Slime:3  | Noticed Dissolution
 42598 | Slime:3  | Killed an acid blob
 42601 | Slime:3  | Killed an acid blob
 42788 | Slime:2  | Noticed an azure jelly
 42834 | Slime:2  | Banished an azure jelly
 43453 | Lair:8   | Reached skill level 14 in Unarmed Combat
 44192 | Lair:8   | Lost mutation: Thin tendrils of slime have grown from your body. [Jiyva's grace]
 44244 | Lair:8   | Reached skill level 5 in Evocations
 44251 | Lair:8   | Lost intelligence.
 44269 | Lair:8   | Gained mutation: You have an increased reservoir of magic (+10% MP). [Jiyva's grace]
 44351 | Lair:8   | Gained mutation: You have very sharp teeth. [Jiyva's grace]
 44391 | Lair:8   | Reached skill level 10 in Fighting
 44477 | Lair:8   | Gained mutation: You have hoof-like feet. [demonic ancestry]
 44477 | Lair:8   | Reached XP level 15. HP: 105/115 MP: 25/25
 44961 | Lair:7   | Gained mutation: You have a small jelly attached to you that may absorb incoming projectiles. [Jiyva's grace]
 45328 | D:12     | Found a blossoming altar of Fedhas.
 45610 | D:12     | Lost mutation: You are agile. (Dex +2) [Jiyva's grace]
 45653 | D:12     | Lost mutation: Armour fits poorly on your pseudopods. [Jiyva's grace]
 45964 | D:13     | Found a blossoming altar of Fedhas.
 46051 | D:13     | Noticed Josephine
 46070 | D:13     | Killed Josephine
 46103 | D:13     | Lost mutation: Your muscles are strong. (Str +2) [Jiyva's grace]
 46204 | D:13     | Found a roughly hewn altar of Beogh.
 46246 | D:13     | Lost mutation: Your body is partially covered in golden eyeballs (Acc +3). [Jiyva's grace]
 46260 | D:13     | Gained mutation: Your body is partially covered in golden eyeballs (Acc +3). [Jiyva's grace]
 46580 | D:13     | Lost mutation: Your skin is partially translucent. [Jiyva's grace]
 46619 | D:13     | Gained mutation: Thin tendrils of slime have grown from your body. [Jiyva's grace]
 46655 | D:13     | Found a gate to the Vaults.
 46995 | D:14     | Found Kaalieb's Book Shoppe.
 47193 | D:14     | Lost mutation: You have a pair of large horns on your head. [Jiyva's grace]
 47746 | D:14     | Lost mutation: You have an increased reservoir of magic (+10% MP). [Jiyva's grace]
 47768 | D:15     | Entered Level 15 of the Dungeon
 47774 | D:15     | Got a fine marble ring
 47776 | D:15     | Identified the ring "Quneaw" {rElec rN+ MR+} (You found it on level 15 of the Dungeon)
 47939 | D:15     | Upgraded the game from 0.15-a0-1569-gdbe329f to 0.15-a0-1723-gae8f746
 48030 | D:15     | Learned a level 5 spell: Phase Shift
 48034 | D:15     | Learned a level 3 spell: Regeneration
 48152 | D:15     | Found a staircase to the Depths.
 48370 | D:15     | Lost mutation: You can translocate small distances at will. [Jiyva's grace]
 48390 | D:15     | Gained mutation: Armour fits poorly on your pseudopods. [Jiyva's grace]
 48519 | D:15     | Reached skill level 1 in Translocations
 48951 | D:15     | Upgraded the game from 0.15-a0-1723-gae8f746 to 0.15-a0-1729-g99b9770
 49188 | Lair:2   | Lost mutation: Your natural rate of healing is unusually fast. [Jiyva's grace]
 49343 | Snake:1  | Entered Level 1 of the Snake Pit
 49716 | Snake:1  | Lost mutation: Your body is partially covered in golden eyeballs (Acc +3). [Jiyva's grace]
 50051 | Snake:2  | Noticed Jorgrun
 50073 | Snake:2  | Killed Jorgrun
 50079 | Snake:2  | Gained mutation: You have claws for hands. [demonic ancestry]
 50079 | Snake:2  | Reached XP level 16. HP: 46/123 MP: 25/25
 50264 | Snake:2  | Lost mutation: You have very sharp teeth. [Jiyva's grace]
 50324 | Snake:2  | Reached skill level 15 in Unarmed Combat
 50401 | Snake:2  | Lost mutation: You can breathe flames. [Jiyva's grace]
 50506 | Snake:2  | Lost mutation: Armour fits poorly on your pseudopods. [Jiyva's grace]
 51076 | Snake:2  | Reached skill level 5 in Charms
 51157 | Snake:2  | Got a steaming shield
 51158 | Snake:2  | Identified the +5 shield of Fashionability {Str-3} (You acquired it on level 2 of the Snake Pit)
 51466 | Snake:2  | Gained mutation: You have a slow metabolism. [Jiyva's grace]
 51949 | Snake:3  | Lost mutation: You have a slow metabolism. [Jiyva's grace]
 52082 | Snake:4  | Noticed Donald
 52107 | Snake:4  | Killed Donald
 52513 | Snake:4  | Gained mutation: You are frail (-10% HP). [Jiyva's grace]
 52577 | Snake:4  | Gained mutation: You have a small jelly attached to you that senses nearby items. [Jiyva's grace]
 52651 | D:2      | Gained mutation: Your muscles are strong. (Str +2) [Jiyva's grace]
 52727 | Snake:4  | Noticed Saint Roka
 52764 | Snake:4  | Killed Saint Roka
 53090 | Snake:4  | Gained mutation: Your muscles are very strong. (Str +4) [Jiyva's grace]
 53120 | Snake:4  | Lost mutation: You have a small jelly attached to you that may absorb incoming projectiles. [Jiyva's grace]
 53135 | Snake:4  | Lost mutation: Your muscles are very strong. (Str +4) [Jiyva's grace]
 53197 | Snake:5  | Entered Level 5 of the Snake Pit
 53252 | Snake:5  | Gained mutation: A demonic guardian rushes to your aid. [demonic ancestry]
 53252 | Snake:5  | Reached XP level 17. HP: 31/117 MP: 15/26
 53510 | Snake:5  | Lost mutation: You are frail (-10% HP). [Jiyva's grace]
 53834 | Snake:5  | Lost mutation: Your muscles are strong. (Str +2) [Jiyva's grace]
 53857 | Snake:5  | Noticed Asterion
 53872 | Snake:5  | Killed Asterion
 54002 | Snake:5  | Lost mutation: Space occasionally distorts in your vicinity. [Jiyva's grace]
 54010 | Snake:5  | Gained mutation: You have hooves in place of feet. [Jiyva's grace]
 54047 | Snake:5  | Noticed Agnes
 54309 | Snake:4  | Gained mutation: Your flesh is heat resistant. [Jiyva's grace]
 54420 | Snake:5  | Killed Agnes
 54451 | Snake:5  | Gained mutation: You have a slow metabolism. [Jiyva's grace]
 54623 | Snake:5  | Noticed Kirke
 54637 | Snake:5  | Lost mutation: Thin tendrils of slime have grown from your body. [Jiyva's grace]
 54780 | Snake:4  | Gained mutation: Your rubbery body absorbs attacks (AC +1). [Jiyva's grace]
 55046 | Snake:5  | Gained mutation: You can breathe flames. [Jiyva's grace]
 55093 | Snake:5  | Killed Kirke
 55332 | Snake:5  | Gained mutation: Your vision is a little blurry. [Jiyva's grace]
 55428 | Snake:5  | Gained mutation: You can spit poison. [Jiyva's grace]
 55448 | Snake:5  | Got a serpentine rune of Zot
 55748 | Lair:6   | Gained mutation: You have a small jelly attached to you that may absorb incoming projectiles. [Jiyva's grace]
 56001 | Elf:1    | Entered Level 1 of the Elven Halls
 56556 | Elf:1    | Lost mutation: Your rubbery body absorbs attacks (AC +1). [Jiyva's grace]
 56685 | Elf:1    | Found Huraep's Distillery.
 56739 | Elf:1    | Noticed Aizul
 56751 | Elf:1    | Killed Aizul
 56918 | D:7      | Lost mutation: You have a small jelly attached to you that senses nearby items. [Jiyva's grace]
 57470 | Elf:2    | Lost mutation: You have hooves in place of feet. [potion of mutation]
 57470 | Elf:2    | Gained mutation: Your system is resistant to poisons. [potion of mutation]
 57470 | Elf:2    | Gained mutation: Armour fits poorly on your strangely shaped body. [potion of mutation]
 57552 | Elf:2    | Upgraded the game from 0.15-a0-1729-g99b9770 to 0.15-a0-1766-g0ee8742
 57688 | Elf:2    | Lost mutation: Your vision is a little blurry. [Jiyva's grace]
 57689 | Elf:2    | Lost mutation: Armour fits poorly on your strangely shaped body. [Jiyva's power]
 57782 | Elf:2    | Lost mutation: Your system is resistant to poisons. [Jiyva's grace]
 58190 | Elf:2    | Reached skill level 16 in Unarmed Combat
 58205 | Elf:2    | Gained mutation: You passively map a small area around you. [Jiyva's grace]
 58310 | Elf:2    | Reached skill level 5 in Translocations
 58378 | Elf:2    | Lost mutation: Your flesh is heat resistant. [Jiyva's grace]
 58492 | Elf:3    | Entered Level 3 of the Elven Halls
 58545 | Elf:3    | Found a frozen archway.
 58578 | IceCv    | Entered an ice cave
 58720 | IceCv    | Gained mutation: You can steal the life force of all defeated enemies in sight. [demonic ancestry]
 58720 | IceCv    | Reached XP level 18. HP: 54/138 MP: 27/27
 59392 | IceCv    | Noticed an Ice Fiend
 59404 | IceCv    | Killed an Ice Fiend
 59772 | IceCv    | Got a twitching steel ring
 59775 | IceCv    | Identified the ring "Nugoam" {Dex+2 Int+3} (You found it in an ice cave)
 59785 | IceCv    | Got a warped amber ring
 59815 | IceCv    | Identified the ring of the Suburbs {Ice Slay-3} (You found it in an ice cave)
 59848 | Elf:3    | Noticed a Brimstone Fiend
 59906 | Elf:3    | Gained mutation: You have acidic saliva. [Jiyva's grace]
 59974 | Elf:3    | Found Foxt's Weapon Emporium.
 60060 | Elf:3    | Reached skill level 15 in Shields
 60096 | Elf:3    | Found Tric's Armour Emporium.
 60456 | Elf:3    | Gained mutation: You can spit moderately strong poison. [Jiyva's grace]
 60813 | Elf:3    | Lost mutation: You have a small jelly attached to you that may absorb incoming projectiles. [Jiyva's grace]
 61200 | Elf:3    | Lost mutation: You have acidic saliva. [Jiyva's grace]
 61345 | Elf:3    | Noticed Fannar
 61380 | Elf:3    | Killed Fannar
 61654 | Elf:3    | Reached skill level 15 in Dodging
 61661 | Elf:3    | Gained mutation: You can spit strong poison. [Jiyva's grace]
 61935 | Elf:3    | Got a sparkling silver ring
 61937 | Elf:3    | Identified the ring "Ynoskid" {rN+ Str+1 Int+4} (You found it on level 3 of the Elven Halls)
 62226 | Elf:3    | Gained mutation: Your muscles are strong. (Str +2) [Jiyva's grace]
 62283 | Elf:3    | Got a slimy plate armour
 62283 | Elf:3    | Got a pitted bone amulet
 62285 | Elf:3    | Identified the amulet of Joipnoix {+Rage +Fly} (You took it off a deep elf high priest on level 3 of the Elven Halls)
 62316 | Elf:3    | Gained mutation: Your body is slowly deteriorating. [a neqoxec]
 62382 | Elf:3    | Gained mutation: Your vision is a little blurry. [Jiyva's grace]
 62410 | Elf:3    | Gained mutation: You need consume almost no food. [Jiyva's grace]
 62418 | Elf:3    | Identified the Handbook of Self-Knowledge and Air
 62422 | Elf:3    | Gained mutation: Your flesh is heat resistant. [Jiyva's grace]
 62502 | Elf:3    | Identified the +0 plate armour of Clugaff {Contam rC++ Str+2 Dex+2 Int+2} (You took it off a deep elf high priest on level 3 of the Elven Halls)
 62581 | Elf:3    | Gained mutation: You have a small jelly attached to you that senses nearby items. [Jiyva's grace]
 63021 | Shoals:1 | Entered Level 1 of the Shoals
 63318 | Shoals:2 | Gained mutation: You evolve. [Jiyva's grace]
 63521 | Shoals:2 | Lost mutation: You passively map a small area around you. [Jiyva's grace]
 63522 | Shoals:2 | Lost mutation: Your body is slowly deteriorating. [Jiyva's power]
 63527 | Shoals:2 | Lost mutation: You evolve. [end of evolution]
 63691 | Shoals:2 | Lost mutation: Your flesh is heat resistant. [Jiyva's grace]
 63802 | Shoals:2 | Gained mutation: Armour fits poorly on your strangely shaped body. [mutagenic glow]
 63810 | Shoals:2 | Noticed Wiglaf
 63821 | Shoals:2 | Lost mutation: You can spit strong poison. [Jiyva's grace]
 63837 | Shoals:2 | Killed Wiglaf
 63837 | Shoals:2 | Gained mutation: You resist negative energy. [demonic ancestry]
 63837 | Shoals:2 | Reached XP level 19. HP: 59/144 MP: 27/27
 63866 | Shoals:2 | Got a brightly glowing leather armour
 63875 | Shoals:2 | Identified the +2 leather armour "Mehuhex" {Str+4} (You took it off a merfolk on level 2 of the Shoals)
 63883 | Shoals:2 | Upgraded the game from 0.15-a0-1766-g0ee8742 to 0.15-a0-1798-g4683f23
 63883 | Shoals:2 | Quit the game

Action                   |  1- 3 |  4- 6 |  7- 9 | 10-12 | 13-15 | 16-18 | 19-21 || total
-------------------------+-------+-------+-------+-------+-------+-------+-------++-------
Melee: Unarmed           |   119 |   264 |   270 |  1120 |  1950 |  2035 |     5 ||  5763
Invok: Request Jelly     |       |       |       |       |    14 |     4 |       ||    18
       Cure Bad Mutation |       |       |       |       |     2 |     3 |       ||     5
       Jelly Paralyse    |       |       |       |       |     1 |       |       ||     1
 Abil: Evoke Flight      |       |       |       |     8 |       |     2 |       ||    10
       Evoke Berserk Rag |       |       |       |       |     3 |    27 |       ||    30
       Spit Poison       |       |       |       |       |       |     1 |       ||     1
Evoke: Wand              |       |     5 |     3 |     4 |    35 |     9 |       ||    56
  Use: Potion            |       |     2 |     3 |     9 |     6 |     8 |     1 ||    29
       Scroll            |       |    15 |     4 |    12 |    12 |    16 |       ||    59
 Stab: Invisible         |       |     2 |     4 |     4 |       |     1 |       ||    11
       Sleeping          |       |     1 |     1 |     2 |     5 |     1 |       ||    10
       Distracted        |       |       |     1 |     6 |    21 |    20 |       ||    48
       Confused          |       |       |       |       |    17 |       |       ||    17
